 Dungeon Crawl Stone Soup version 0.31-a0-879-g1609e0ac53 (webtiles) character file.

Game seed: 3376521836299918066

67251 Spaninq the Bludgeoner (level 15, -2/141 HPs)
             Began as a Hill Orc Monk on Oct 14, 2023.
             Was a High Priest of Beogh.
             Constricted to death by a shambling mangrove (18 damage)
             ... on level 3 of the Swamp.
             The game lasted 01:35:52 (21910 turns).

Spaninq the Bludgeoner (Hill Orc Monk)             Turns: 21910, Time: 01:35:53

Health: -2/141     AC: 26    Str: 30    XL:     15   Next: 22%
Magic:  22/22      EV:  8    Int: 12    God:    Beogh [*****.]
Gold:   2328       SH:  0    Dex: 16    Spells: 14/14 levels left

rFire   + . .        n - +2 demon whip (elec)
rCold   . . .        m - +0 buckler
rNeg    . . .        S - +3 plate armour of the Postmodern Ships {rElec Str+7}
rPois   +            q - +2 helmet
rElec   +            (no cloak)
rCorr   .            b - +0 pair of gloves
SInv    .            f - +1 pair of boots
Will    +....        P - amulet "Nas Lon" {Reflect rF+ Str-3 Dex+3 SH+5} Stlth
                     k - ring of poison resistance
HPRegen 0.43/turn    N - +6 ring of strength
MPRegen 0.18/turn

%: reflection
@: confused, ambrosia-drunk, grasped by roots, constricted, studying Fire Magic
A: walk on water
a: Renounce Religion, Smiting, Recall Orcish Followers, Give Item to Named
Follower


You were on level 3 of the Swamp.
You worshipped Beogh.
Beogh was extremely pleased with you.
You visited 4 branches of the dungeon, and saw 23 of its levels.
You also visited: Ossuary.

You collected 2328 gold pieces.

Inventory:

Hand Weapons
 a - a +0 hand axe
 n - a +2 demon whip of electrocution (weapon)
 u - the +4 hand axe "Jelly's Foe" {heavy, Str+4}
   (You took it off an orc on level 3 of the Dungeon)

   Str+4:     It affects your strength (+4).
Missiles
 g - a throwing net
Armour
 b - a +0 pair of gloves (worn)
 d - an orb of light
 f - a +1 pair of boots (worn)
 h - the +6 scale mail "Luxy" {rElec rPois Int-5 Dex+2}
   (You found it on level 6 of the Dungeon)

   Int-5:     It affects your intelligence (-5).
   Dex+2:     It affects your dexterity (+2).
   rElec:     It insulates you from electricity.
   rPois:     It protects you from poison
 i - a +1 hat
 m - a +0 buckler (worn)
 q - a +2 helmet (worn)
 y - a +2 chain mail of fire resistance
 S - the +3 plate armour of the Postmodern Ships (worn) {rElec Str+7}
   (You found it on level 1 of the Swamp)

   Str+7:     It affects your strength (+7).
   rElec:     It insulates you from electricity.
Jewellery
 k - a ring of poison resistance (left hand)
 o - a ring of flight
 M - a +4 ring of protection
 N - a +6 ring of strength (right hand)
 O - a ring of resist corrosion
 P - the amulet "Nas Lon" (around neck) {Reflect rF+ Str-3 Dex+3 SH+5}
   (You acquired it on level 14 of the Dungeon)

   [amulet of reflection]

   Reflect:   It reflects blocked missile attacks.
   Str-3:     It affects your strength (-3).
   Dex+3:     It affects your dexterity (+3).
   rF+:       It protects you from fire.
   SH+5:      It affects your SH (+5).
Wands
 v - a wand of charming (10)
 w - a wand of mindburst (54)
 G - a wand of digging (11)
 I - a wand of flame (27)
 T - a wand of roots (14)
 W - a wand of quicksilver (7)
Scrolls
 p - 2 scrolls of fear
 s - 3 scrolls of revelation
 t - 3 scrolls of blinking
 x - 4 scrolls of teleportation
 D - 2 scrolls of amnesia
 E - 2 scrolls of silence
 F - a scroll of poison
 H - 6 scrolls of identify
 K - 2 scrolls of enchant armour
 L - 4 scrolls of summoning
 Q - 4 scrolls of fog
 R - a scroll of torment
 V - a scroll of immolation
Potions
 c - 2 potions of ambrosia
 e - a potion of brilliance
 j - 2 potions of mutation
 l - 7 potions of haste
 r - a potion of invisibility
 z - 3 potions of enlightenment
 A - 9 potions of curing
 B - 2 potions of magic
 C - a potion of berserk rage
 J - 4 potions of might


   Skills:
 + Level 15.0 Fighting
 - Level 11.2(16.2) Axes
 - Level 16.0(16.9) Maces & Flails
 + Level 13.4 Armour
 + Level 6.6 Dodging
 + Level 10.7 Shields
 - Level 3.3 Fire Magic
 + Level 9.5 Invocations


You had 14 spell levels left.
You didn't know any spells.
Your spell library contained the following spells:

 Spells                   Type           Power      Damage    Failure   Level
 Freeze                   Ice            0%         1d3       91%         1
 Slow                     Hex            0%         N/A       91%         1
 Cigotuvi's Dreadful Rot  Necr/Pois/Air  0%         N/A       97%         2
 Ensorcelled Hibernation  Hex/Ice        0%         N/A       97%         2
 Passwall                 Tmut/Erth      0%         N/A       97%         2
 Wereblood                Tmut           0%         N/A       97%         2
 Volatile Blastmotes      Fire/Tloc      6%         2d10      98%         3
 Confusing Touch          Hex            0%         N/A       100%        3
 Frozen Ramparts          Ice            0%         1d1       100%        3
 Hailstorm                Conj/Ice       0%         3d3       100%        3
 Sigil of Binding         Hex            0%         N/A       100%        3
 Stone Arrow              Conj/Erth      0%         3d7       100%        3
 Swiftness                Air            0%         N/A       100%        3
 Vampiric Draining        Necr           0%         2d6       100%        3
 Animate Armour           Summ/Erth      0%         N/A       100%        4
 Dispel Undead            Necr           0%         3d6       100%        4
 Fulminant Prism          Conj/Hex       0%         3d5       100%        4
 Iskenderun's Mystic Bla  Conj/Tloc      0%         2d3       100%        4
 Irradiate                Conj/Tmut      0%         3d11      100%        5
 Death Channel            Necr           0%         N/A       100%        6
 Simulacrum               Ice/Necr       0%         N/A       100%        6
 Ozocubu's Refrigeration  Ice            0%         4d7       100%        7
 Lehudib's Crystal Spear  Conj/Erth      0%         10d2      100%        8
 Polar Vortex             Ice            0%         N/A       100%        9


Dungeon Overview and Level Annotations

Branches:
Dungeon (14/15)            Temple (0/1) D:7            Lair (4/5) D:11
  Swamp (3/4) Lair:2       Spider (0/4) Lair:2        Slime (0/5) Lair:4
    Orc (2/2) D:12            Elf (0/3) Orc:2        Vaults (0/5) D:14
Ossuary (visited)

Altars:
Ashenzari
Cheibriados
Dithmenos
Elyvilon
Fedhas
Gozag
Hepliaklqana
Kikubaaqudgha
Makhleb
Nemelex Xobeh
Sif Muna
Wu Jian
Xom
Yredelemnul
Beogh
Jiyva

Shops:
D:5 [*=!(   D:8 (   D:14 (   Orc:2 (*:[

Annotations:
D:10 3 runed translucent doors, lonewolfV2's ghost, journeyman FoFi
Swamp:3 exclusion: oklob plant
Orc:1 1 runed translucent door, Hoexzop's ghost, journeyman TrFi


Message History

The thorn hunter is almost destroyed.
The thorn hunter hits you but does no damage.
You block the thorn hunter's attack.
The thorn hunter fires a volley of thorns at you.
The volley of thorns hits your orc warlord!!
You closely miss the thorn hunter.
The thorn hunter is almost destroyed.
The shambling mangrove is struck by the briar patch's thorns.
The shambling mangrove hits the briar patch!
The briar patch is destroyed!
The grasping roots constrict you!
* * * LOW HITPOINT WARNING * * *
Your orc warlord hits the thorn hunter from afar with a +0 trident.
Aiming: Smiting
Press: ? - help, Dir - move target, f - thorn hunter Smite: a thorn hunter (almost destroyed)
You smite the thorn hunter!!
You destroy the thorn hunter!
Beogh accepts your kill.
You can no longer revive fallen orcs.
The thorn hunter fires a volley of thorns at you.
The volley of thorns hits your orc warlord!!
The thorn hunter hits the briar patch.
The thorn hunter hits the briar patch!
Your orc warlord hits the thorn hunter from afar with a +0 trident!
The grasping roots constrict you!
* * * LOW HITPOINT WARNING * * *
Okay, then.
You are confused.
You feel invigorated.
The briar patch crumbles away. x3
The thorn hunter gestures.
Thorny briars emerge from the ground!
Your orc warlord hits the thorn hunter from afar with a +0 trident!!
The grasping roots constrict you.
The thorn hunter hits the briar patch!
The briar patch is destroyed!
Your orc warlord splashes around in the water.
Your orc warlord goes into a battle-frenzy!
The shambling mangrove hits your orc warlord!!
Your orc warlord dies!
You hear a splash. x2
The grasping roots constrict you!!
You die...

♣~PPP♣P~~♣♣♣♣♣♣P♣♣♣......
♣♣♣ ♣♣.♣...§♣♣ ... .♣.♣~♣♣.
♣♣.♣♣♣♣~~....♣ ♣PP♣.P♣♣.♣♣♣.
♣♣♣~...♣~....♣.♣♣♣ .♣..P♣
♣♣♣..♣
♣♣~♣♣..~.~~.~~♣.oP♣♣......
♣...♣
♣..~~....~.~♣♣♣♣♣.♣....(..
♣.♣♣♣ ♣.~~...♣~♣♣♣♣
♣♣♣..P~~♣♣♣..P♣♣
♣♣)~....♣♣♣♣♣.♣...♣♣.....♣♣.
♣♣.♣)..~.~♣♣..P.@.)f......
.♣
♣~.)♣~.~..♣P.....~.f..~~~...
~♣.♣♣♣~.~♣♣♣.....~..§§...~~.
~.~.~~~~~♣ ♣....♣.P.~...∩.~
..§~..~....♣♣♣..~P.~..♣♣♣..
~....~....~♣ ...~..~..♣
..~~..~~...♣♣♣♣.~.P~..♣ ♣
......~~.... ♣P♣...~P. ♣P♣
.~.~..~... ♣.


You could see a thorn hunter and a shambling mangrove.

Vanquished Creatures
  A thorn hunter (Swamp:3)
  An orc warlord (Orc:2)
  An eleionoma (Swamp:1)
  A bunyip (Swamp:2)
  A vault guard (D:14)
  6 hydras
  2 ghost crabs
  2 centaur warriors (D:13)
  An alligator (Swamp:3)
  A death knight (D:14)
  A boulder beetle (D:14)
  A two-headed ogre (D:10)
  An orc high priest (Orc:2)
  A skyshark (Lair:2)
  2 goliath frogs (Swamp:2)
  A swamp dragon (Swamp:3)
  2 spriggan druids (Swamp:3)
  A necromancer (D:14)
  4 ugly things
  A will-o-the-wisp (Swamp:2)
  A phantasmal warrior (D:14)
  An orc sorcerer (Orc:2)
  3 cyclopes
  4 elephants
  9 cane toads
  A torpor snail (Lair:3)
  4 rime drakes
  4 komodo dragons
  An efreet (D:14)
  2 freezing wraiths (D:14)
  A meliai (D:14)
  A troll (Orc:2)
  A polar bear (Lair:3)
  A tyrant leech (Swamp:2)
  2 hornets
  3 blink frogs (Lair:2)
  7 dream sheep
  A jumping spider (Lair:2)
  3 shadows
  A vampire (D:10)
  4 slime creatures (D:13)
  3 wraiths
  A spriggan (Swamp:3)
  5 wyverns
  11 yaks
  5 humans (D:14)
  A basilisk (Lair:3)
  2 vampire mosquitoes (Swamp:1)
  A redback (Lair:2)
  4 steam dragons
  A warg (Orc:2)
  8 swamp worms
  10 water moccasins
  Duvessa (D:7)
  2 swamp drakes (Swamp:2)
  3 ice beasts
  A black bear (Lair:4)
  13 orc warriors
  A sky beast (D:8)
  An ogre (Orc:1)
  3 wolves (Lair:1)
  11 centaurs
  3 phantoms
  4 elf zombies (Ossuary)
  A kobold brigand (D:11)
  4 bullfrogs
  2 scorpions
  A wight (D:6)
  Dowan (D:7)
  2 howler monkeys
  3 centaur zombies (Ossuary)
  5 hounds
  2 jellies
  5 human zombies (Ossuary)
  3 orc priests
  4 iguanas
  A sleepcap (D:5)
  11 orc wizards
  3 mummies (Ossuary)
  Robin (D:4)
  4 adders
  A gnoll (D:2)
  A shadow imp (D:6)
  3 white imps
  5 ufetubi
  26 orcs
  5 ball pythons
  2 endoplasms
  5 giant cockroaches
  9 goblins (D:4)
  8 hobgoblins
  3 jackals (D:5)
  3 quokkas
  4 frilled lizards (D:1)
  2 kobolds
  A rat (D:3)
  2 spectral orcs
315 creatures vanquished.

Vanquished Creatures (collateral kills)
  A fenstrider witch (Swamp:3)
  3 ghouls (Swamp:1)
  3 eleionomae
  3 hydras
  2 vault guards (D:14)
  A catoblepas (Lair:4)
  3 alligators
  A centaur warrior (D:14)
  A boulder beetle (D:12)
  2 two-headed ogres
  An orc high priest (Orc:2)
  Urug (Orc:2)
  A skyshark (Lair:2)
  A spriggan druid (Swamp:1)
  A goliath frog (Swamp:1)
  A swamp dragon (Swamp:2)
  4 orc knights (Orc:2)
  A lindwurm (Lair:4)
  3 cyclopes
  A wolf spider (Lair:2)
  2 necromancers (D:14)
  2 ugly things
  4 orc sorcerers (Orc:2)
  A manticore (D:11)
  3 elephants
  A torpor snail (Lair:4)
  A gargoyle (D:12)
  A freezing wraith (D:14)
  5 cane toads
  2 rime drakes
  A kobold demonologist (D:11)
  3 komodo dragons
  2 meliai (D:14)
  6 trolls
  5 tyrant leeches
  2 hornets
  5 dream sheep (Lair:4)
  4 blink frogs (Lair:2)
  2 jumping spiders (Lair:2)
  A slime creature (D:13)
  A vampire (D:11)
  A shadow (D:13)
  2 wraiths
  3 spriggans
  A centaur simulacrum (D:14)
  A wyvern (Lair:2)
  16 yaks
  14 humans (D:14)
  A vampire mosquito (Swamp:1)
  3 basilisks
  2 swamp worms (Swamp:1)
  3 wargs (Orc:2)
  6 water moccasins
  3 black bears (Lair:4)
  A swamp drake (Swamp:1)
  10 orc warriors
  6 centaurs
  3 wolves (Lair:1)
  5 bullfrogs
  A necrophage (Swamp:1)
  2 orc priests
  2 iguanas (Lair:3)
  An orc wizard (Orc:1)
  8 orcs
  A kobold (D:11)
185 creatures vanquished.

Vanquished Creatures (others)
  An orc warlord (Swamp:3)
  2 orc high priests
  3 orc knights
  3 orc sorcerers
  3 orc warriors
  6 orc priests
  5 orc wizards
  29 orcs
  4 foxfires (Swamp:2)
56 creatures vanquished.

Grand Total: 556 creatures vanquished

Notes
Turn   | Place    | Note
-------+----------+-------------------------------------------
     0 | D:1      | Spaninq the Hill Orc Monk began the quest for the Orb.
     0 | D:1      | Reached XP level 1. HP: 19/19 MP: 1/1
   226 | D:1      | Reached XP level 2. HP: 27/27 MP: 2/2
   567 | D:2      | Reached skill level 1 in Armour
   746 | D:2      | Reached XP level 3. HP: 32/33 MP: 3/3
   757 | D:2      | Reached skill level 5 in Axes
   839 | D:2      | Reached XP level 4. HP: 30/40 MP: 4/4
  1450 | D:3      | Found a snail-covered altar of Cheibriados.
  1503 | D:3      | Identified the +4 hand axe "Jelly's Foe" {heavy, Str+4}
  1578 | D:3      | Found a shadowy altar of Dithmenos.
  1610 | D:3      | Found a faded altar of an unknown god.
  2036 | D:4      | Reached XP level 5. HP: 37/47 MP: 5/5
  2067 | D:4      | Found a sand-covered staircase.
  2076 | Ossuary  | Entered an ossuary
  2120 | Ossuary  | Reached skill level 5 in Fighting
  2120 | Ossuary  | Reached XP level 6. HP: 25/56 MP: 6/6
  2270 | Ossuary  | Reached XP level 7. HP: 55/61 MP: 7/7
  2519 | D:4      | Found a blossoming altar of Fedhas.
  2590 | D:4      | Noticed Robin
  3047 | D:5      | Entered Level 5 of the Dungeon
  3110 | D:5      | Reached XP level 8. HP: 71/71 MP: 8/8
  3181 | D:4      | Killed Robin
  3352 | D:5      | Reached skill level 5 in Armour
  3357 | D:5      | Reached skill level 10 in Axes
  3386 | D:5      | Found an opulent altar of Gozag.
  3440 | D:5      | Found Seimneim's Antique Armour Shop.
  3484 | D:5      | Found Faranarph's Jewellery Emporium.
  3520 | D:5      | Found Kuex's Antique Weapon Boutique.
  3538 | D:5      | Found Gyffom's Distillery.
  3601 | D:5      | Found Bege's Assorted Antiques.
  3819 | D:5      | Noticed a vampire
  4178 | D:6      | Identified the +6 scale mail "Luxy" {rElec rPois Int-5
                  | Dex+2}
  4185 | D:6      | Reached skill level 1 in Shields
  4212 | D:6      | Found a broken altar of Ashenzari.
  4405 | D:6      | Found a burning altar of Makhleb.
  4491 | D:6      | Became a worshipper of Beogh the Brigand
  4491 | D:6      | Reached * piety under Beogh
  4491 | D:6      | Reached ** piety under Beogh
  4514 | D:6      | Reached XP level 9. HP: 43/79 MP: 9/9
  4892 | D:6      | Found an ancient bone altar of Kikubaaqudgha.
  5156 | D:7      | Reached skill level 1 in Maces & Flails
  5217 | D:7      | Found a hazy altar of Hepliaklqana.
  5296 | D:7      | Found a staircase to the Ecumenical Temple.
  5303 | D:7      | Noticed Duvessa
  5304 | D:7      | Noticed Dowan
  5318 | D:7      | Killed Duvessa
  5319 | D:7      | Reached skill level 2 in Maces & Flails
  5325 | D:7      | Killed Dowan
  5552 | D:7      | Reached skill level 3 in Maces & Flails
  5552 | D:7      | Reached skill level 5 in Shields
  5555 | D:7      | Reached skill level 4 in Maces & Flails
  5562 | D:7      | Reached *** piety under Beogh
  5572 | D:7      | Reached skill level 5 in Maces & Flails
  5572 | D:7      | Reached XP level 10. HP: 44/90 MP: 10/10
  5883 | D:7      | Found the +5 robe of Night {Dark Will+ SInv}
  6052 | D:8      | Identified the +3 leather armour "Sasoib" {rPois Str-4
                  | Int+6}
  6237 | D:8      | Reached skill level 6 in Maces & Flails
  6476 | D:8      | Found a shimmering blue altar of Sif Muna.
  6777 | D:8      | Found Jokeh's Weapon Boutique.
  6956 | D:9      | Identified a scroll of acquirement
  6957 | D:9      | Acquired a manual of Maces & Flails
  6986 | D:9      | Reached skill level 7 in Maces & Flails
  7235 | D:9      | Noticed a two-headed ogre
  7243 | D:9      | Killed a two-headed ogre
  7244 | D:9      | Reached skill level 8 in Maces & Flails
  7419 | D:9      | Found a white marble altar of Elyvilon.
  7419 | D:9      | Found an ornate altar of the Wu Jian Council.
  7545 | D:10     | Entered Level 10 of the Dungeon
  7639 | D:10     | Reached skill level 9 in Maces & Flails
  7712 | D:10     | Noticed a two-headed ogre
  7721 | D:10     | Killed a two-headed ogre
  7722 | D:10     | Reached skill level 10 in Fighting
  7922 | D:10     | Found a runed translucent gate.
  7922 | D:10     | Found a runed translucent gate.
  7922 | D:10     | Found a runed translucent gate.
  7923 | D:10     | Noticed lonewolfV2's ghost (journeyman FoFi)
  7982 | D:10     | Found a basalt altar of Yredelemnul.
  8088 | D:10     | Reached skill level 10 in Maces & Flails
  8088 | D:10     | Reached XP level 11. HP: 95/99 MP: 11/11
  8159 | D:10     | Noticed a two-headed ogre
  8164 | D:10     | Killed a two-headed ogre
  8311 | D:10     | Reached skill level 11 in Maces & Flails
  8407 | D:10     | Found a sparkling altar of Nemelex Xobeh.
  8621 | D:11     | Found a staircase to the Lair.
  8900 | D:11     | Noticed a manticore
  8909 | D:11     | Killed a manticore
  9202 | D:11     | Noticed a skeletal warrior
  9203 | D:11     | Noticed a deep elf pyromancer
  9457 | Lair:1   | Entered Level 1 of the Lair of Beasts
  9465 | Lair:1   | Reached **** piety under Beogh
  9466 | Lair:1   | Reached skill level 12 in Maces & Flails
  9580 | Lair:1   | Reached skill level 13 in Maces & Flails
  9723 | Lair:1   | Gained Wargath as an ally
 10587 | D:12     | Killed a purple ugly thing
 10606 | D:12     | Reached skill level 10 in Armour
 10606 | D:12     | Reached XP level 12. HP: 92/110 MP: 12/12
 10718 | D:12     | Noticed a boulder beetle
 10719 | D:12     | Your ally Wargath died
 10729 | D:12     | Killed a boulder beetle
 10730 | D:12     | Reached skill level 14 in Maces & Flails
 10847 | D:12     | Found a staircase to the Orcish Mines.
 11007 | Orc:1    | Entered Level 1 of the Orcish Mines
 11177 | Orc:2    | Entered Level 2 of the Orcish Mines
 11177 | Orc:2    | Noticed an orc high priest
 11177 | Orc:2    | Found a staircase to the Elven Halls.
 11180 | Orc:2    | Found Suug's Antique Armour Shop.
 11188 | Orc:2    | Killed an orc high priest
 11188 | Orc:2    | Reached ***** piety under Beogh
 11237 | Orc:2    | Found Efuacwaw's General Store.
 11237 | Orc:2    | Noticed an orc high priest
 11238 | Orc:2    | Noticed an orc warlord
 11251 | Orc:2    | Killed an orc warlord
 11506 | Orc:2    | Found a roughly hewn altar of Beogh.
 11559 | Orc:2    | Noticed Urug
 11560 | Orc:2    | Found Zaddyf's Antique Weapon Shop.
 11571 | Orc:2    | Killed Urug
 11572 | Orc:2    | Reached skill level 1 in Fire Magic
 11772 | Orc:2    | Noticed an orc high priest
 11775 | Orc:2    | Noticed an orc high priest
 11792 | Orc:2    | Killed an orc high priest
 11805 | Orc:2    | Found Dioraufi's Book Emporium.
 12254 | Orc:1    | Reached skill level 1 in Invocations
 12632 | Orc:1    | Found a runed translucent door.
 12632 | Orc:1    | Found a shimmering altar of Xom.
 12632 | Orc:1    | Noticed Hoexzop's ghost (journeyman TrFi)
 13014 | D:13     | Noticed a centaur warrior
 13016 | D:13     | Noticed a centaur warrior
 13024 | D:13     | Killed a centaur warrior
 13031 | D:13     | Killed a centaur warrior
 13032 | D:13     | Reached skill level 15 in Maces & Flails
 13070 | D:13     | Reached XP level 13. HP: 28/119 MP: 15/15
 14214 | Lair:2   | Found a hole to the Spider Nest.
 14220 | Lair:2   | Gained Borgun as an ally
 14255 | Lair:2   | Found a staircase to the Swamp.
 14733 | Lair:2   | Reached skill level 5 in Invocations
 15895 | Lair:3   | Reached ****** piety under Beogh
 16909 | Lair:4   | Reached XP level 14. HP: 124/130 MP: 18/18
 16967 | Lair:4   | Found a staircase to the Slime Pits.
 16972 | Lair:4   | Found a viscous altar of Jiyva.
 17285 | Lair:4   | Gained Boruk as an ally
 17688 | Lair:4   | Found an ornate altar of the Wu Jian Council.
 17706 | Lair:4   | Gained Orkrul as an ally
 18105 | D:14     | Your ally Orkrul died
 18110 | D:14     | Reached skill level 5 in Dodging
 18494 | D:14     | Gained Orik as an ally
 18526 | D:14     | Acquired the amulet "Nas Lon" {Reflect rF+ Str-3 Dex+3
                  | SH+5}
 18552 | D:14     | Reached skill level 16 in Maces & Flails
 18553 | D:14     | Gained Berold as an ally
 18686 | D:14     | Found a gate to the Vaults.
 18946 | D:14     | Gained Blodwig as an ally
 19167 | D:14     | Found Zorikokh's Antique Weapon Shoppe.
 19481 | Swamp:1  | Entered Level 1 of the Swamp
 19514 | Swamp:1  | Gained Bogbrand as an ally
 19765 | Swamp:1  | Noticed a ghoul
 19767 | Swamp:1  | Noticed a ghoul
 19767 | Swamp:1  | Noticed a ghoul
 19778 | Swamp:1  | Killed a ghoul
 19785 | Swamp:1  | Killed a ghoul
 19785 | Swamp:1  | Your ally Bogbrand died
 19786 | Swamp:1  | Reached skill level 10 in Shields
 19787 | Swamp:1  | Killed a ghoul
 19787 | Swamp:1  | Gained Morguth as an ally
 19892 | Swamp:1  | Noticed an eleionoma
 19903 | Swamp:1  | Killed an eleionoma
 20034 | Swamp:1  | Identified the +3 plate armour of the Postmodern Ships
                  | {rElec Str+7}
 20196 | Swamp:1  | Noticed an eleionoma
 20204 | Swamp:1  | Killed an eleionoma
 20358 | Swamp:2  | Noticed an eleionoma
 20363 | Swamp:2  | Killed an eleionoma
 20402 | Swamp:2  | Your ally Morguth died
 21173 | Swamp:3  | Noticed a fenstrider witch
 21179 | Swamp:3  | Reached XP level 15. HP: 139/139 MP: 21/21
 21182 | Swamp:3  | Killed a fenstrider witch
 21655 | Swamp:3  | Reached skill level 15 in Fighting
 21762 | Swamp:3  | Identified the +10 trident "Ruamm" {freeze, Str+4}
 21885 | Swamp:3  | Noticed a thorn hunter
 21892 | Swamp:3  | Noticed a thorn hunter
 21907 | Swamp:3  | Killed a thorn hunter
 21907 | Swamp:3  | HP: 5/141 [constriction (12)]
 21910 | Swamp:3  | Constricted to death by a shambling mangrove

Illustrated notes

Levels and vault maps discovered:
D:1:      heliophobic_arrival_battle_scene, layout_rooms
D:2:      layout_basic, chequers_serial_rivers_micro_e, minmay_cut_off
D:3:      layout_basic, mainiacjoe_overflow_concentric_impassable,
          grunt_dithmenos_smoke, hellmonk_ecumenical_altar_leap_of_faith,
          chequers_serial_rivers_large_a, nicolae_underground_beach
D:4:      layout_loops_cross, fedhas_altar_1,
          mainiacjoe_ossuary_entry_dusty_tomb, nicolae_letterblocks
          [nicolae_letter_subblock, nicolae_letter_subblock,
          nicolae_letter_subblock, nicolae_letter_subblock,
          nicolae_letter_subblock, nicolae_letter_subblock,
          nicolae_letter_subblock, nicolae_letter_subblock,
          nicolae_letter_subblock, nicolae_letter_subblock,
          nicolae_letter_subblock, nicolae_letter_subblock,
          nicolae_letter_subblock, nicolae_letter_subblock,
          nicolae_letter_subblock, nicolae_letter_subblock,
          nicolae_letter_subblock, nicolae_letter_subblock,
          nicolae_letter_subblock, nicolae_letter_subblock,
          nicolae_letter_subblock, nicolae_letter_subblock,
          nicolae_letter_subblock, nicolae_letter_subblock,
          nicolae_letter_subblock], uniq_robin
D:5:      layout_loops_ring, mainiacjoe_overflow_chevrons, serial_shops,
          nicolae_shop_pleasant_corner_grove, shop,
          nicolae_shop_tiny_real_fake_doors, shop, shop, grunt_decor_arrowhead
D:6:      minmay_skewed_foursquare, layout_loops_ring, makhleb_heckhound_becter,
          mainiacjoe_overflow_alcove_2, evilmike_ruin_ashenzari
D:7:      layout_rooms, nicolae_hepliaklqana_monster_ancestors,
          minmay_temple_entry_grid, kennysheep_nub,
          hellmonk_guarded_unrand_night, uniq_duvessa
D:8:      layout_loops_corners, lemuel_blue_sif_altar, serial_shops, shop
D:9:      layout_gridville, gammafunk_temple_overflow_elements
D:10:     layout_gridville, nemelex_spade_bored_becter,
          yredelemnul_forgotten_temple_becter, ebering_ghost_rock_garden
D:11:     layout_basic, dpeg_oklobed_lair, grunt_decor_one_mirror,
          nicolae_eternal_life, lightli_corner_chamber
D:12:     layout_rooms, orc_0_dummy
D:13:     layout_basic
D:14:     layout_cave_pools, grunt_vaults_entry_tiered, serial_shops,
          shop_statue, nicolae_elevator_lobby_plus
Lair:1:   layout_gridlike, chequers_serial_rivers_micro_a, guppyfry_lair_drakes
Lair:2:   layout_roguey, minmay_swamp_entry_worms, spider_nest_entry_funnel_web
Lair:3:   beast_lair_carwin_large_1, layout_cave_shapes, serial_forest,
          infiniplex_forest_lined_2, infiniplex_forest_end_2,
          infiniplex_forest_lined_3, infiniplex_forest_split,
          infiniplex_forest_straight_2, infiniplex_forest_end_1,
          infiniplex_forest_clump_tiny, infiniplex_forest_clump_tiny,
          infiniplex_forest_lined_corner
Lair:4:   cheibrodos_lair_overgrown_chateau, layout_regular_city, slime_entry_1,
          lemuel_centaur_altar
Swamp:1:  layout_basic_swamp, hangedman_swamp_blocks
Swamp:2:  layout_falls_marsh, evilmike_swamp_ruin_rubble_1
Swamp:3:  nicolae_swamp_phyte_club, layout_basic_swamp,
          evilmike_swamp_ruin_house_5
Orc:1:    layout_caves, ebering_ghost_xom
Orc:2:    grunt_orc_gardens, layout_caves, grunt_orc_garden, grunt_orc_garden,
          grunt_orc_garden, grunt_orc_garden, basic_altar, uniq_urug

Skill      XL: |  1  2  3  4  5  6  7  8  9 10 11 12 13 14 15 |
---------------+----------------------------------------------+-----
Fighting       | 4 5 6 7 8 10 11 12 13 14 15 | 15.0
Armour         | 1 2 3 4 5 6 8 10 11 12 13 | 13.4
Axes           | 5 6 7 9 10 11 | 11.2
Shields        | 3 5 7 9 10 | 10.7
Maces & Flails | 5 10 13 15 16 | 16.0
Fire Magic     | 3 |  3.3
Invocations    | 3 6 9 |  9.5
Dodging        | 4 6 |  6.6

Action                     |  1- 3 |  4- 6 |  7- 9 | 10-12 | 13-15 || total
---------------------------+-------+-------+-------+-------+-------++-------
  Melee: Hand axe          |    21 |    74 |   181 |       |       ||   276
         Dagger            |    31 |    52 |       |       |       ||    83
         Punch             |       |       |     1 |       |       ||     1
         Demon whip        |       |       |    78 |   477 |   591 ||  1146
 Invoke: Convert to Beogh  |       |       |     1 |       |       ||     1
         Smiting           |       |       |       |     2 |     2 ||     4
         Recall Orcish Fol |       |       |       |       |     7 ||     7
         Resurrection      |       |       |       |       |     1 ||     1
         Give Item to Name |       |       |       |       |     1 ||     1
    Use: Scroll            |       |       |    16 |     9 |     3 ||    28
         Potion            |       |       |       |       |     2 ||     2
   Stab: Sleeping          |     1 |       |       |       |       ||     1
         Distracted        |       |       |       |     3 |     6 ||     9
         Confused          |       |       |       |     1 |       ||     1
 Armour: Robe              |    11 |       |       |       |       ||    11
         Chain mail        |    24 |    34 |       |       |       ||    58
         Plate armour      |       |    94 |    90 |       |    68 ||   252
         Scale mail        |       |       |   102 |   287 |   318 ||   707
  Dodge: Dodged            |    20 |    55 |   130 |   209 |   235 ||   649
  Block: Buckler           |       |       |    45 |    89 |   170 ||   304
         Reflection        |       |       |       |       |     2 ||     2

Table legend: (Time is in decaauts)
 A = Elapsed time spent in this place.
 B = Non-inter-level travel time spent in this place.
 C = Inter-level travel time spent in this place.
 D = Time resting spent in this place.
 E = Time spent auto-exploring this place.
 F = Levels seen in this place.
 G = Mean time per level.
                   A        B        C        D        E       F      G
               +--------+--------+--------+--------+--------+-----+--------+
         Total |  21515 |  20347 |   1168 |   2148 |  13419 |  24 |  896.5 |
       Dungeon |  11824 |  11059 |    765 |    557 |   8052 |  14 |  844.6 |
          Lair |   5091 |   4811 |    280 |    447 |   3261 |   4 | 1272.8 |
         Swamp |   2343 |   2279 |     64 |    603 |   1110 |   3 |  781.0 |
  Orcish Mines |   1811 |   1753 |     58 |    433 |    836 |   2 |  905.5 |
       Ossuary |    445 |    445 |      0 |    108 |    159 |   1 |  445.0 |
               +--------+--------+--------+--------+--------+-----+--------+

Top non-repeatable levels by time:
  Lair:2: 1411 daAuts
  Lair:4: 1343 daAuts
  Lair:3: 1268 daAuts
    D:14: 1185 daAuts
   Orc:2: 1134 daAuts
  Lair:1: 1067 daAuts
    D:10: 1027 daAuts
 Swamp:1: 1015 daAuts
     D:6: 1008 daAuts
    D:11: 961 daAuts
     D:2: 941 daAuts
     D:7: 909 daAuts
     D:8: 895 daAuts
     D:5: 889 daAuts
    D:13: 887 daAuts
